Map: Blackpink LE

Players

axu - Winner!

  • Race: Protoss Protoss
  • League: Platinum
  • Spawn Location: 1:00

IulyMihai

  • Race: Terran Terran
  • League: Platinum
  • Spawn Location: 7:00

VOD

Have the link to the VOD?

Description

Time

  • Played on: March 8, 2018, 9:23 a.m.
  • Length: 16:59
Show
View Real Time Build Order
Export as new Build Order

axu Protoss - Winner!

Build Orders: 1 Gate Expand, Zealot Archon 

Get SALT Encoding   

  12  0:00  Probe  
  13  0:13  Probe  
  14  0:22  Pylon  
  14  0:25  Probe  
  15  0:40  Gateway, Probe  
  16  0:52  Probe  
  16  0:53  Assimilator  
  17  1:04  Probe (Chrono Boost)  
  18  1:16  Probe (Chrono Boost)  
  19  1:22  Probe (Chrono Boost)  
  20  1:39  Nexus  
  20  1:41  Pylon  
  20  1:42  Probe  
  21  1:48  Cybernetics Core  
  21  1:54  Assimilator  
  21  1:55  Probe  
  22  2:14  Gateway  
  21  2:23  Probe  
  21  2:24  Warp Gate (Chrono Boost)  
  24  2:30  Stalker (Chrono Boost)  
  24  2:42  Probe  
  25  2:47  Robotics Facility  
  25  2:50  Shield Battery  
  25  2:54  Probe  
  25  2:55  Probe  
  27  3:03  Stalker  
  29  3:06  Probe  
  30  3:12  Pylon  
  30  3:17  Stalker  
  32  3:20  Probe  
  32  3:23  Probe  
  34  3:35  Observer  
  34  3:36  Probe  
  34  3:37  Probe  
  37  3:47  Twilight Council  
  37  3:48  Probe  
  37  3:49  Probe  
  37  3:50  Stalker  
  37  3:55  Stalker  
  43  4:04  Probe  
  43  4:07  Immortal (Chrono Boost)  
  44  4:46  Probe x2  
  44  4:52  Stalker x2  
  50  4:58  Probe  
  51  5:01  Probe  
  51  5:03  Gateway  
  51  5:04  Gateway  
  51  5:06  Pylon  
  52  5:07  Pylon  
  52  5:10  Probe  
  52  5:13  Probe  
  54  5:16  Pylon  
  54  5:19  Pylon  
  54  5:21  Assimilator  
  54  5:23  Assimilator  
  54  5:24  Immortal, Probe  
  54  5:25  Probe  
  54  5:28  Stalker  
  62  5:29  Stalker  
  64  5:36  Probe  
  65  6:13  Templar Archives  
  65  6:15  Gateway  
  65  6:17  Gateway  
  65  6:18  Gateway  
  65  6:19  Pylon  
  65  6:32  Immortal  
  69  6:33  Sentry x2  
  69  6:39  Nexus  
  73  6:41  Probe x2  
  73  6:44  Pylon  
  73  6:46  Pylon  
  75  6:49  Shield Battery  
  75  6:53  Probe x2  
  77  7:07  Stalker x2  
  77  7:08  Zealot x2  
  85  7:09  Psionic Storm  
  85  7:17  Immortal  
  85  7:22  Shield Battery  
  89  7:34  Shield Battery  
  89  7:35  Shield Battery  
  89  7:43  High Templar x2  
  93  7:45  Zealot x2  
  93  7:47  Archon  
  97  8:02  Probe x3  
  100  8:10  High Templar x2  
  100  8:11  Assimilator  
  104  8:13  Assimilator  
  104  8:14  Probe x2  
  106  8:24  Gateway  
  106  8:26  Gateway  
  106  8:28  Gateway, Forge x2  
  106  8:29  High Templar  
  106  8:30  Zealot  
  106  8:31  Zealot x3  
  116  8:43  Observer (Chrono Boost)  
  117  8:50  Probe  
  117  8:51  Probe x2  
  120  8:57  Zealot x2  
  120  9:00  Charge (Chrono Boost)  
  124  9:03  Protoss Ground Armor Level 1 (Chrono Boost), Protoss Ground Weapons Level 1 (Chrono Boost)  
  124  9:12  Pylon  
  124  9:14  Pylon  
  124  9:19  Pylon  
  124  9:30  Immortal  
  128  9:33  Stalker x4  
  128  9:37  Zealot x3  
  142  10:05  Zealot x3  
  148  10:07  Pylon  
  148  10:09  Pylon  
  148  10:14  Pylon  
  148  10:16  Probe, Pylon  
  149  10:25  Probe x2  
  151  10:28  Probe  
  151  10:34  Pylon  
  152  10:37  Probe x2, Pylon  
  152  10:42  Pylon  
  154  10:44  Protoss Ground Weapons Level 2 (Chrono Boost)  
  154  10:45  Nexus  
  154  10:46  Protoss Shields Level 1 (Chrono Boost)  
  154  10:56  High Templar x3  
  154  10:57  High Templar  
  162  11:13  Immortal (Chrono Boost)  
  166  11:20  Dark Shrine  
  166  11:25  Stargate  
  166  11:28  Stargate  
  166  11:35  Robotics Facility  
  166  11:42  Warp Prism (Chrono Boost)  
  168  12:00  Probe x3  
  168  12:01  Probe  
  172  12:12  Probe  
  173  12:17  Fleet Beacon  
  173  12:18  Assimilator  
  173  12:22  Assimilator  
  173  12:36  Pylon  
  173  12:39  Pylon  
  173  12:41  Protoss Ground Armor Level 2 (Chrono Boost)  
  173  12:45  Protoss Ground Weapons Level 3 (Chrono Boost)  
  173  13:00  Zealot x5  
  173  13:01  Zealot x4  
  173  13:02  Zealot  
  155  13:43  Stalker x3  
  155  13:44  Zealot x4  
  155  13:45  Zealot, High Templar  
  155  13:46  High Templar  
  157  13:56  Archon  
  149  14:18  Stalker x2  
  149  14:19  Stalker x2  
  149  14:20  High Templar x3  
  149  14:21  Immortal x2 (Chrono Boost), High Templar x3  
  177  14:27  Archon x2  
  177  14:28  Archon  
  177  14:34  Shield Battery  
  177  14:36  Shield Battery  
  177  14:39  Shield Battery  
  177  14:40  Photon Cannon  
  177  14:44  Photon Cannon  
  177  14:47  Zealot  
  177  14:48  Zealot x3  
  185  14:53  Immortal x2  
  193  15:17  Photon Cannon  
  193  15:19  Photon Cannon  
  189  15:23  Stalker x5  
  189  15:24  Stalker  
Show
View Real Time Build Order
Export as new Build Order

IulyMihai Terran 

Build Orders:  

Get SALT Encoding   

  13  0:10  Supply Depot  
  13  0:13  SCV  
  13  0:28  Refinery  
  13  0:34  Barracks  
  13  0:39  SCV  
  14  0:51  SCV  
  15  0:58  Barracks  
  16  1:10  Supply Depot  
  15  1:21  Marine  
  16  1:26  SCV  
  17  1:47  Marine, Barracks Tech Lab  
  18  2:05  Marine  
  19  2:10  Command Center  
  19  2:21  Marauder  
  21  2:26  Marine  
  22  2:34  Stimpack  
  22  2:39  Barracks  
  22  2:42  Marine  
  23  2:56  Marine  
  24  3:00  Marauder  
  26  3:11  SCV  
  27  3:14  Marine  
  28  3:22  Marauder  
  30  3:31  Marine  
  31  3:42  Marine  
  31  3:43  Marauder  
  34  3:54  Barracks Tech Lab  
  34  3:57  SCV  
  34  4:00  Marine  
  36  4:05  Marauder  
  36  4:09  SCV  
  36  4:25  Marauder, Marine  
  36  4:26  Marauder  
  38  4:43  Marine  
  36  4:46  Marine  
  36  4:47  Marine  
  38  4:54  Factory  
  38  4:56  SCV  
  39  5:00  Marine  
  39  5:03  Supply Depot  
  39  5:04  Marine  
  42  5:08  SCV  
  43  5:18  Marine  
  43  5:21  Marauder, SCV  
  46  5:23  Concussive Shells  
  46  5:24  Marine  
  47  5:29  Refinery  
  47  5:32  Supply Depot  
  47  5:36  Orbital Command, Marine  
  48  5:48  Marauder  
  50  6:10  Marauder  
  52  6:21  Marauder  
  52  6:23  Marine  
  55  6:30  SCV  
  55  6:31  Marauder  
  58  6:41  Supply Depot, Marine  
  58  6:42  Marauder, SCV  
  62  6:49  Engineering Bay  
  62  6:54  Starport  
  62  7:02  Marine, SCV  
  62  7:03  Marauder x2  
  68  7:29  Terran Infantry Weapons Level 1  
  68  7:32  Medivac  
  70  7:40  Supply Depot, Command Center  
  70  7:43  Supply Depot  
  70  8:01  Marine x3  
  73  8:06  Supply Depot  
  73  8:19  Marine x2  
  74  8:23  Barracks Reactor  
  75  8:37  Marine x2  
  77  8:55  Marine  
  78  9:06  Siege Tank  
  81  9:13  Marine  
  81  9:15  Starport Tech Lab  
  82  9:23  Terran Infantry Armor Level 1  
  82  9:35  SCV  
  83  9:40  Supply Depot  
  83  9:47  SCV  
  84  9:55  Banshee  
  84  9:59  SCV  
  88  10:00  Siege Tank  
  88  10:02  Marine x4  
  88  10:03  Supply Depot  
  95  10:11  SCV  
  96  10:19  Cloaking Field  
  96  10:20  Marine x4  
  100  10:23  SCV  
  100  10:25  Supply Depot  
  101  10:37  SCV  
  101  10:38  Banshee, Marine x4  
  101  10:39  Refinery  
  101  10:40  Refinery  
  109  10:45  Supply Depot  
  109  10:49  SCV  
  110  10:55  Marine x2  
  110  10:56  Marine  
  113  11:01  SCV  
  114  11:07  Supply Depot  
  114  11:14  SCV  
  114  11:15  Marauder  
  117  11:21  Banshee  
  117  11:25  Armory  
  120  11:26  SCV  
  121  11:37  Marauder  
  121  11:38  Widow Mine  
  125  11:58  Marauder  
  125  12:00  Orbital Command  
  127  12:02  Planetary Fortress  
  127  12:20  Marauder  
  129  12:29  Combat Shields  
  129  12:31  Medivac  
  131  12:41  Marauder  
  135  12:51  Widow Mine  
  58  13:27  Marine x2  
  41  13:45  Marine  
  26  14:39  Command Center  
  22  15:38  Supply Depot  
  22  15:40  Supply Depot  
  22  15:42  Supply Depot x2  
  22  16:02  Barracks  
  22  16:08  Barracks  
  22  16:10  Barracks  
  22  16:14  Barracks  
Tags
 
Add a new tag
Caveats
  • Supply blocks, unpowered buildings, or Contaminate may cause inaccurate times.
  • Supply counts are checked every 10 seconds.